[Event "Czech Youth U16 Boys 2024"]
[Site "Kouty nad Desnou"]
[Date "2024.03.11"]
[Round "4.9"]
[White "Stein, Michael"]
[Black "Zelba, Lukas"]
[Result "1/2-1/2"]
[ECO "B00"]
[WhiteElo "1883"]
[BlackElo "1979"]
[Annotator "RC"]
[PlyCount "72"]
[EventDate "2024.03.10"]
[EventType "swiss"]
[EventCountry "CZE"]
[SourceTitle "playchess.com"]
[Source "ChessBase"]
[SourceQuality "1"]
[TimeControl "40/5400+30:1800+30"]

1. e4 b6 2. d4 Bb7 3. Nc3 e6 4. Bd3 Nf6 5. Nf3 Bb4 6. Qe2 d5 7. e5 Ne4 8. Bd2 Nxd2 9. Qxd2 Nd7 10. a3 Be7 11. Ne2 c5 12. c3 a5 13. O-O Ba6 14. Bxa6 Rxa6 15. a4 O-O 16. Ng3 Ra7 17. Ne1 cxd4 18. cxd4 b5 19. axb5 Qb6 20. f4 g6 21. Ne2 Rc8 22. Rf3 Bb4 23. Nc3 Rac7 24. g4 Rc4 25. Nc2 f5 26. gxf5 exf5 27. Re1 Qe6 28. Ree3 Nb6 29. Qg2 R4c7 30. Na3 Qe7 31. Nab1 Bxc3 32. Nxc3 Qb4 33. Rd3 Rc4 34. Qd2 Kf7 35. Rh3 Kg8 36. Rhf3 Kg7 1/2-1/2

[Event "Czech Youth U16 Boys 2024"]
[Site "Kouty nad Desnou"]
[Date "2024.03.11"]
[Round "4.10"]
[White "Vysinsky, Otakar"]
[Black "Pressler, Tobias"]
[Result "1-0"]
[ECO "C01"]
[WhiteElo "1882"]
[BlackElo "1954"]
[Annotator "RC"]
[PlyCount "69"]
[EventDate "2024.03.10"]
[EventType "swiss"]
[EventCountry "CZE"]
[SourceTitle "playchess.com"]
[Source "ChessBase"]
[SourceQuality "1"]
[TimeControl "40/5400+30:1800+30"]

1. e4 e6 2. d4 d5 3. exd5 exd5 4. Nf3 Bd6 5. Bd3 Bg4 6. O-O Nc6 7. c3 Qd7 8. Be3 Nge7 9. Re1 O-O-O 10. b4 h5 11. Nbd2 h4 12. Qa4 a6 13. Qc2 Bf5 14. a4 f6 15. b5 axb5 16. axb5 Nb8 17. Ra8 Bxd3 18. Qxd3 g5 19. Rea1 g4 20. Ne1 Rdg8 21. Qb1 c6 22. bxc6 Qxc6 23. c4 Qc7 24. cxd5 Bxh2+ 25. Kh1 Rh5 26. R1a5 Bd6 27. Ne4 Rxd5 28. Rxd5 Nxd5 29. Nxd6+ Qxd6 30. Qf5+ Kd8 31. Rxb8+ Qxb8 32. Qxd5+ Ke7 33. Bd2 Kf8 34. Qd7 Rg6 35. Qh7 1-0

[Event "Czech Youth U16 Boys 2024"]
[Site "Kouty nad Desnou"]
[Date "2024.03.11"]
[Round "4.11"]
[White "Dvorak, Jan"]
[Black "Zemek, Antonin"]
[Result "0-1"]
[ECO "C01"]
[WhiteElo "2154"]
[BlackElo "1870"]
[Annotator "RC"]
[PlyCount "54"]
[EventDate "2024.03.10"]
[EventType "swiss"]
[EventCountry "CZE"]
[SourceTitle "playchess.com"]
[Source "ChessBase"]
[SourceQuality "1"]
[TimeControl "40/5400+30:1800+30"]

1. e4 e6 2. d4 d5 3. exd5 exd5 4. c4 Bb4+ 5. Nc3 Nf6 6. Nf3 Nc6 7. Be3 O-O 8. Bd3 Bg4 9. a3 Bxc3+ 10. bxc3 dxc4 11. Bxc4 Ne7 12. O-O Ned5 13. Bxd5 Qxd5 14. Qe2 Rfe8 15. Rab1 Qe4 16. Qb2 Bxf3 17. gxf3 Qg6+ 18. Kh1 b6 19. c4 Qh5 20. Qe2 Re4 21. Rb5 c5 22. Rg1 Rh4 23. Rg2 Ne4 24. dxc5 Nc3 25. Qb2 Qxf3 26. Qc1 Ne2 27. Qa1 Rxh2+ 0-1

[Event "Czech Youth U16 Boys 2024"]
[Site "Kouty nad Desnou"]
[Date "2024.03.11"]
[Round "4.12"]
[White "Zezula, Matej"]
[Black "Tegda, Vojtech"]
[Result "1-0"]
[ECO "C88"]
[WhiteElo "1825"]
[BlackElo "1936"]
[Annotator "RC"]
[PlyCount "79"]
[EventDate "2024.03.10"]
[EventType "swiss"]
[EventCountry "CZE"]
[SourceTitle "playchess.com"]
[Source "ChessBase"]
[SourceQuality "1"]
[TimeControl "40/5400+30:1800+30"]

1. e4 e5 2. Nf3 Nc6 3. Bb5 a6 4. Ba4 Nf6 5. O-O b5 6. Bb3 Be7 7. Re1 d6 8. h3 Na5 9. c3 Nxb3 10. axb3 O-O 11. d4 exd4 12. cxd4 Bb7 13. Nbd2 Re8 14. Qc2 Bf8 15. Nh2 c5 16. dxc5 dxc5 17. e5 Nd5 18. Ndf3 Nb4 19. Qc3 Qb6 20. Be3 Nd5 21. Qc2 Nb4 22. Qc3 Qg6 23. Rad1 Nd5 24. Qc1 Nxe3 25. Qxe3 Rad8 26. Ng4 Qc2 27. Rxd8 Rxd8 28. e6 fxe6 29. Qxe6+ Kh8 30. Nfe5 Bd5 31. Nf7+ Kg8 32. Ngh6+ gxh6 33. Nxh6+ Kg7 34. Nf5+ Kh8 35. Qf6+ Kg8 36. Nh6+ Bxh6 37. Qxd8+ Kg7 38. Qxd5 Bf4 39. Re7+ Kh6 40. Re6+ 1-0

[Event "Czech Youth U16 Boys 2024"]
[Site "Kouty nad Desnou"]
[Date "2024.03.12"]
[Round "5.1"]
[White "Hladky, Tadeas"]
[Black "Jasso, Matej"]
[Result "1/2-1/2"]
[ECO "B50"]
[WhiteElo "2056"]
[BlackElo "2060"]
[Annotator "RC"]
[PlyCount "60"]
[EventDate "2024.03.10"]
[EventType "swiss"]
[EventCountry "CZE"]
[SourceTitle "playchess.com"]
[Source "ChessBase"]
[SourceQuality "1"]
[TimeControl "40/5400+30:1800+30"]

1. e4 c5 2. Nf3 d6 3. c3 Nf6 4. Be2 Nc6 5. d4 cxd4 6. cxd4 d5 7. e5 Ne4 8. O-O Bg4 9. Qb3 Qd7 10. Be3 e6 11. h3 Bh5 12. Rc1 Be7 13. Nc3 O-O 14. Ne1 Bxe2 15. Nxe2 Na5 16. Qd3 f6 17. f3 Ng5 18. Bxg5 fxg5 19. Qc3 Nc6 20. Nd3 Rac8 21. Qd2 Rc7 22. Rc2 Rfc8 23. Rac1 Nd8 24. Rxc7 Rxc7 25. Kf2 Rxc1 26. Qxc1 Qc6 27. Qc3 b6 28. Qxc6 Nxc6 29. Ke3 Kf7 30. g3 Na5 1/2-1/2

[Event "Czech Youth U16 Boys 2024"]
[Site "Kouty nad Desnou"]
[Date "2024.03.12"]
[Round "5.2"]
[White "Fizer, Marek"]
[Black "Juhanak, Daniel"]
[Result "1/2-1/2"]
[ECO "C11"]
[WhiteElo "2058"]
[BlackElo "2005"]
[Annotator "RC"]
[PlyCount "165"]
[EventDate "2024.03.10"]
[EventType "swiss"]
[EventCountry "CZE"]
[SourceTitle "playchess.com"]
[Source "ChessBase"]
[SourceQuality "1"]
[TimeControl "40/5400+30:1800+30"]

1. e4 e6 2. d4 d5 3. Nc3 Nf6 4. Bg5 dxe4 5. Nxe4 Be7 6. Nxf6+ Bxf6 7. Bxf6 Qxf6 8. Nf3 O-O 9. Qd3 Nc6 10. Qe4 Qg6 11. Qxg6 hxg6 12. Bb5 Nb4 13. Ba4 b5 14. a3 a5 15. Bb3 Na6 16. a4 b4 17. O-O Bb7 18. Ne5 Rfd8 19. Rad1 Nb8 20. f4 Nc6 21. c3 Rab8 22. Nd3 bxc3 23. bxc3 Ba6 24. Bc2 Ne7 25. Rfe1 Bxd3 26. Rxd3 Rb2 27. Rc1 Nd5 28. Rf3 Rdb8 29. Be4 Ra2 30. Rf2 Rxa4 31. Bxd5 exd5 32. Re2 Rc4 33. Re5 c6 34. Re7 c5 35. dxc5 Rxc5 36. Ra7 Rbc8 37. Re1 Rxc3 38. Ree7 Ra3 39. h3 Rf8 40. Red7 Ra4 41. Rxd5 Rxf4 42. Raxa5 Re8 43. Re5 Rxe5 44. Rxe5 Kf8 45. Kh2 f6 46. Ra5 g5 47. Ra7 Kg8 48. g4 Kh7 49. Kg3 Rb4 50. Rc7 Rb3+ 51. Kg2 Kh6 52. Ra7 Kg6 53. Rc7 Rb2+ 54. Kg3 Rb3+ 55. Kg2 Kh7 56. Ra7 Rb8 57. Kg3 Kg8 58. Ra6 Rb7 59. Ra3 Kf7 60. h4 gxh4+ 61. Kxh4 Rb5 62. Ra6 Kg6 63. Kg3 Kg5 64. Ra3 Re5 65. Rb3 Re4 66. Rb5+ Re5 67. Rb3 Ra5 68. Rc3 Ra4 69. Rc5+ Kg6 70. Rb5 Ra3+ 71. Kf4 Ra4+ 72. Kg3 Re4 73. Rb7 Kh6 74. Rb6 Kg5 75. Rb5+ Re5 76. Rb3 g6 77. Ra3 Rb5 78. Rc3 f5 79. gxf5 gxf5 80. Rc4 Rb3+ 81. Kf2 f4 82. Rc8 Rb2+ 83. Kf3 1/2-1/2

[Event "Czech Youth U16 Boys 2024"]
[Site "Kouty nad Desnou"]
[Date "2024.03.12"]
[Round "5.3"]
[White "Juracak, David"]
[Black "Davidek, Zdenek"]
[Result "1-0"]
[ECO "C55"]
[WhiteElo "1944"]
[BlackElo "2135"]
[Annotator "RC"]
[PlyCount "135"]
[EventDate "2024.03.10"]
[EventType "swiss"]
[EventCountry "CZE"]
[SourceTitle "playchess.com"]
[Source "ChessBase"]
[SourceQuality "1"]
[TimeControl "40/5400+30:1800+30"]

1. e4 e5 2. Nf3 Nc6 3. Bc4 Nf6 4. d3 Be7 5. O-O O-O 6. Nc3 d6 7. a4 Nd7 8. Be3 Kh8 9. Nd5 Nb6 10. Bb3 f5 11. Nxe7 Qxe7 12. Ng5 Qe8 13. a5 f4 14. axb6 fxe3 15. fxe3 Rxf1+ 16. Qxf1 h6 17. Nf7+ Kh7 18. bxc7 Qe7 19. Qf3 Be6 20. Bxe6 Qxe6 21. Qf5+ Qxf5 22. exf5 Rc8 23. Nxd6 Rxc7 24. Ra4 Rd7 25. Ne4 b5 26. Ra3 Nb4 27. Rc3 Nd5 28. Rc5 Nxe3 29. Rxe5 Nxc2 30. f6 Kg6 31. fxg7 Kxg7 32. Rxb5 Rxd3 33. Rb7+ Kg6 34. Rxa7 Rb3 35. Ra6+ Kf5 36. Ng3+ Kg5 37. Ra5+ Kg6 38. Ra6+ Kg5 39. Ne4+ Kf5 40. Nd6+ Ke5 41. Rb6 Rd3 42. Nf7+ Ke4 43. Re6+ Kf5 44. Rd6 Nd4 45. h3 h5 46. b4 Kf4 47. Rf6+ Kg3 48. Rg6+ Kf4 49. Rf6+ Kg3 50. Rg6+ Kf4 51. Kh2 Rb3 52. Rf6+ Ke4 53. Rh6 Rxb4 54. Rxh5 Rb2 55. Nd6+ Kd3 56. Rd5 Kc3 57. h4 Ne6 58. Ne4+ Kc4 59. Rd2 Rb8 60. g3 Nd4 61. Kg2 Rh8 62. Ng5 Kc3 63. Rd1 Nf5 64. Kh3 Kc4 65. Nf7 Rg8 66. Nd6+ Nxd6 67. Rxd6 Kc5 68. Rd1 1-0

[Event "Czech Youth U16 Boys 2024"]
[Site "Kouty nad Desnou"]
[Date "2024.03.12"]
[Round "5.4"]
[White "Setina, Vaclav"]
[Black "Prazak, Daniel"]
[Result "0-1"]
[ECO "D45"]
[WhiteElo "2024"]
[BlackElo "2223"]
[Annotator "RC"]
[PlyCount "82"]
[EventDate "2024.03.10"]
[EventType "swiss"]
[EventCountry "CZE"]
[SourceTitle "playchess.com"]
[Source "ChessBase"]
[SourceQuality "1"]
[TimeControl "40/5400+30:1800+30"]

1. d4 Nf6 2. c4 c6 3. Nc3 d5 4. Nf3 e6 5. e3 Nbd7 6. Qc2 Bd6 7. b3 O-O 8. Bb2 b6 9. Be2 Bb7 10. O-O Qe7 11. Rad1 Rac8 12. Rfe1 Bb4 13. a3 Bd6 14. e4 dxe4 15. Nxe4 Nxe4 16. Qxe4 Nf6 17. Qc2 Rfd8 18. Ne5 Bxa3 19. Bxa3 Qxa3 20. c5 Qb4 21. Qc4 Qxc4 22. Nxc4 Ba6 23. cxb6 Bxc4 24. b7 Rb8 25. bxc4 Rxb7 26. Bf3 Rb4 27. Ra1 Rxc4 28. Rxa7 g6 29. Rc7 Nd5 30. Bxd5 Rxd5 31. g3 Rdxd4 32. Ra1 Rd5 33. Ra8+ Kg7 34. Ra6 Rdc5 35. Raa7 Rf5 36. Ra6 Rc1+ 37. Kg2 Rc2 38. Raxc6 Rfxf2+ 39. Kg1 Rg2+ 40. Kf1 Rxc6 41. Rxc6 Rxh2 0-1

[Event "Czech Youth U16 Boys 2024"]
[Site "Kouty nad Desnou"]
[Date "2024.03.12"]
[Round "5.5"]
[White "Hozda, Max"]
[Black "Zrubek, Dan"]
[Result "1/2-1/2"]
[ECO "D79"]
[WhiteElo "2032"]
[BlackElo "1882"]
[Annotator "RC"]
[PlyCount "61"]
[EventDate "2024.03.10"]
[EventType "swiss"]
[EventCountry "CZE"]
[SourceTitle "playchess.com"]
[Source "ChessBase"]
[SourceQuality "1"]
[TimeControl "40/5400+30:1800+30"]

1. d4 Nf6 2. c4 g6 3. Nf3 Bg7 4. g3 c6 5. Bg2 O-O 6. O-O d5 7. cxd5 cxd5 8. Nc3 Nc6 9. b3 Ne4 10. Bb2 Bg4 11. e3 Ng5 12. h4 Nxf3+ 13. Bxf3 Bxf3 14. Qxf3 e6 15. Kg2 h5 16. Ba3 Re8 17. Rac1 Qa5 18. Bd6 Rad8 19. Bf4 e5 20. dxe5 Nxe5 21. Bxe5 Bxe5 22. b4 Qxb4 23. Nxd5 Qg4 24. Nf6+ Bxf6 25. Qxf6 Qe6 26. Qxe6 Rxe6 27. Rfd1 Red6 28. Rxd6 Rxd6 29. Rc2 Kg7 30. Kf3 Rd7 31. Kf4 1/2-1/2

[Event "Czech Youth U16 Boys 2024"]
[Site "Kouty nad Desnou"]
[Date "2024.03.12"]
[Round "5.6"]
[White "Mikolas, Petr"]
[Black "Vysinsky, Otakar"]
[Result "0-1"]
[ECO "B32"]
[WhiteElo "1957"]
[BlackElo "1882"]
[Annotator "RC"]
[PlyCount "132"]
[EventDate "2024.03.10"]
[EventType "swiss"]
[EventCountry "CZE"]
[SourceTitle "playchess.com"]
[Source "ChessBase"]
[SourceQuality "1"]
[TimeControl "40/5400+30:1800+30"]

1. e4 c5 2. Nf3 Nc6 3. d4 cxd4 4. Nxd4 e5 5. Nb5 d6 6. N1c3 a6 7. Na3 b5 8. Nd5 Nce7 9. c4 Nxd5 10. Qxd5 Be6 11. Qc6+ Bd7 12. Qb7 bxc4 13. Bxc4 Nf6 14. O-O Be7 15. Be3 O-O 16. f3 Qa5 17. Bd5 Rab8 18. Qa7 Qb4 19. Rab1 a5 20. Rfd1 Rfc8 21. Bd2 Qc5+ 22. Qxc5 Rxc5 23. Be3 Rc7 24. g4 Kf8 25. Kf2 Nxd5 26. exd5 f5 27. h3 f4 28. Bd2 Rc5 29. Bc3 Bd8 30. Ke2 Ke8 31. Rbc1 Ba4 32. b3 Bb5+ 33. Kf2 Ba6 34. Bb2 Rbc8 35. Rxc5 Rxc5 36. Rd2 Kd7 37. Nb1 Bb6 38. Kg2 Rc8 39. Nc3 Be3 40. Rd1 Bd4 41. Rc1 Bb7 42. h4 Rc5 43. Kf1 Bxd5 44. Nxd5 Rxd5 45. Bxd4 Rxd4 46. Ke2 a4 47. Rc3 Rb4 48. Rd3 Ke6 49. Rc3 axb3 50. axb3 Rb7 51. Kd2 Kd7 52. Rd3 Rb5 53. Kc3 Kc6 54. b4 Rd5 55. b5+ Rxb5 56. Kc4 d5+ 57. Kc3 Kc5 58. Rd2 Ra5 59. Kb3 Rb5+ 60. Kc3 e4 61. fxe4 dxe4 62. Rd7 f3 63. Kd2 Rb2+ 64. Ke1 e3 65. Rc7+ Kd6 66. Rc1 Rh2 0-1

[Event "Czech Youth U16 Boys 2024"]
[Site "Kouty nad Desnou"]
[Date "2024.03.12"]
[Round "5.7"]
[White "Zemek, Antonin"]
[Black "Andrle, Filip"]
[Result "0-1"]
[ECO "A04"]
[WhiteElo "1870"]
[BlackElo "1943"]
[Annotator "RC"]
[PlyCount "52"]
[EventDate "2024.03.10"]
[EventType "swiss"]
[EventCountry "CZE"]
[SourceTitle "playchess.com"]
[Source "ChessBase"]
[SourceQuality "1"]
[TimeControl "40/5400+30:1800+30"]

1. Nf3 e6 2. b3 d5 3. c4 d4 4. d3 c5 5. g3 Nc6 6. Bg2 Nf6 7. O-O Bd6 8. e4 O-O 9. Kh1 Ne8 10. Ng1 e5 11. f4 f5 12. exf5 exf4 13. g4 g5 14. Bxc6 bxc6 15. Nd2 h5 16. h3 hxg4 17. hxg4 Kg7 18. Ne4 Rh8+ 19. Kg2 Rh4 20. Nh3 Nf6 21. Nef2 Nd7 22. Ng1 Ne5 23. Nf3 Qh8 24. Rh1 Rxh1 25. Nxh1 Nxg4 26. Qg1 Bxf5 0-1

[Event "Czech Youth U16 Boys 2024"]
[Site "Kouty nad Desnou"]
[Date "2024.03.12"]
[Round "5.8"]
[White "Ulcak, Michael"]
[Black "Buchtova, Viktorie"]
[Result "1-0"]
[ECO "B24"]
[WhiteElo "1929"]
[BlackElo "1874"]
[Annotator "RC"]
[PlyCount "30"]
[EventDate "2024.03.10"]
[EventType "swiss"]
[EventCountry "CZE"]
[SourceTitle "playchess.com"]
[Source "ChessBase"]
[SourceQuality "1"]
[TimeControl "40/5400+30:1800+30"]

1. e4 c5 2. Nc3 Nc6 3. Bb5 Nd4 4. Bc4 e6 5. Nge2 Nf6 6. O-O d5 7. exd5 exd5 8. Nxd5 Nxd5 9. Nxd4 cxd4 10. Qh5 Be6 11. Re1 Nf4 12. Bb5+ Ke7 13. Qg5+ f6 14. Qxf4 Kf7 15. d3 a6 1-0

[Event "Czech Youth U16 Boys 2024"]
[Site "Kouty nad Desnou"]
[Date "2024.03.12"]
[Round "5.9"]
[White "Zelba, Lukas"]
[Black "Rybackova, Lucie"]
[Result "1/2-1/2"]
[ECO "A56"]
[WhiteElo "1979"]
[BlackElo "1983"]
[Annotator "RC"]
[PlyCount "86"]
[EventDate "2024.03.10"]
[EventType "swiss"]
[EventCountry "CZE"]
[SourceTitle "playchess.com"]
[Source "ChessBase"]
[SourceQuality "1"]
[TimeControl "40/5400+30:1800+30"]

1. d4 Nf6 2. c4 c5 3. e3 g6 4. Nf3 Bg7 5. Be2 O-O 6. O-O cxd4 7. exd4 d5 8. b3 b6 9. Bb2 Bb7 10. Nbd2 Nc6 11. Rc1 Rc8 12. a3 e6 13. Bd3 Ne7 14. a4 Nf5 15. Re1 Nd6 16. Ba3 Re8 17. c5 Nde4 18. Bb5 Bc6 19. Ba6 Nxd2 20. Nxd2 Rb8 21. cxb6 Qxb6 22. Qe2 Bh6 23. Bc5 Qc7 24. b4 Qf4 25. Nf3 Bxa4 26. Ra1 Bd7 27. Ne5 Bf8 28. g3 Qg5 29. Bd3 Rb7 30. h4 Qh6 31. Ra2 Ra8 32. Rea1 Qg7 33. b5 Ne4 34. Bxe4 Bxc5 35. dxc5 Qxe5 36. c6 Rc7 37. Bd3 Qxe2 38. Bxe2 Bxc6 39. bxc6 Rxc6 40. Rxa7 Rc1+ 41. Rxc1 Rxa7 42. Kg2 Kg7 43. f4 h5 1/2-1/2

[Event "Czech Youth U16 Boys 2024"]
[Site "Kouty nad Desnou"]
[Date "2024.03.12"]
[Round "5.10"]
[White "Buchta, Bartolomej"]
[Black "Stein, Michael"]
[Result "0-1"]
[ECO "C08"]
[WhiteElo "1913"]
[BlackElo "1883"]
[Annotator "RC"]
[PlyCount "40"]
[EventDate "2024.03.10"]
[EventType "swiss"]
[EventCountry "CZE"]
[SourceTitle "playchess.com"]
[Source "ChessBase"]
[SourceQuality "1"]
[TimeControl "40/5400+30:1800+30"]

1. e4 e6 2. d4 d5 3. Nd2 c5 4. exd5 exd5 5. Ngf3 a6 6. Bd3 c4 7. Be2 Nf6 8. O-O Bd6 9. c3 Nc6 10. b3 b5 11. a4 Bf5 12. Ba3 O-O 13. Ne5 Bxa3 14. Nxc6 Qd6 15. Ne5 Bb2 16. Ra2 Bxc3 17. Ndf3 Ne4 18. Nh4 Be6 19. f3 cxb3 20. Qxb3 Bxd4+ 0-1

[Event "Czech Youth U16 Boys 2024"]
[Site "Kouty nad Desnou"]
[Date "2024.03.12"]
[Round "5.11"]
[White "Zezula, Matej"]
[Black "Dvorak, Jan"]
[Result "1/2-1/2"]
[ECO "C07"]
[WhiteElo "1825"]
[BlackElo "2154"]
[Annotator "RC"]
[PlyCount "188"]
[EventDate "2024.03.10"]
[EventType "swiss"]
[EventCountry "CZE"]
[SourceTitle "playchess.com"]
[Source "ChessBase"]
[SourceQuality "1"]
[TimeControl "40/5400+30:1800+30"]

1. e4 e6 2. d4 d5 3. Nd2 c5 4. exd5 Qxd5 5. dxc5 Bxc5 6. Ngf3 Nf6 7. Bc4 Qh5 8. Nb3 Bb6 9. Qe2 O-O 10. Bf4 Nc6 11. O-O-O a5 12. a4 Nd5 13. Bd2 Bd7 14. g4 Qg6 15. h4 Rac8 16. h5 Qxg4 17. Rdg1 Qf5 18. Rg5 Nf4 19. Qd1 Qe4 20. Bb5 Nb4 21. Bxb4 Bxb5 22. Rxb5 Nd3+ 23. Kb1 Nxb4 24. Rxb6 Nxc2 25. Rh4 Qf5 26. Ka2 Nb4+ 27. Rhxb4 axb4 28. Rxb4 Rfd8 29. Rd4 Rxd4 30. Nfxd4 Qd5 31. Qe1 Rc4 32. Qe3 Rxa4+ 33. Kb1 h6 34. Qf3 Rxd4 35. Nxd4 Qxd4 36. Qxb7 Qxf2 37. Qc8+ Kh7 38. Qc3 Qf5+ 39. Ka2 e5 40. b4 e4 41. Qd4 Qe6+ 42. Kb2 f5 43. Kc2 Qc6+ 44. Qc5 Qd7 45. Qc3 f4 46. Qc4 Qf5 47. Qc5 Qh3 48. Qd5 Qg2+ 49. Kc3 Qf3+ 50. Kc2 Qe2+ 51. Kc3 Qe3+ 52. Kc2 Qf2+ 53. Kc3 Qe1+ 54. Kb3 Qb1+ 55. Kc3 Qa1+ 56. Kb3 Qb1+ 57. Kc3 Qe1+ 58. Kb3 Qe3+ 59. Kc2 f3 60. Qf5+ Kg8 61. Qe6+ Kf8 62. Qf5+ Ke8 63. Qe6+ Kd8 64. Qd6+ Kc8 65. Qc6+ Kb8 66. Qd6+ Kb7 67. Qd5+ Kb6 68. Qa5+ Kc6 69. b5+ Kd7 70. b6 Qd3+ 71. Kb2 f2 72. Qf5+ Kc6 73. Qxf2 e3 74. Qf3+ Kxb6 75. Qg3 Qd4+ 76. Kb1 Qd3+ 77. Kc1 Qd2+ 78. Kb1 Qd1+ 79. Kb2 e2 80. Qe3+ Kc6 81. Qe4+ Kc5 82. Qe5+ Kc4 83. Qc3+ Kd5 84. Qf3+ Ke5 85. Qe3+ Kf5 86. Qf3+ Kg5 87. Qg3+ Kxh5 88. Qh3+ Kg5 89. Qg3+ Kf6 90. Qf4+ Ke7 91. Qe5+ Kd8 92. Qa5+ Kd7 93. Qf5+ Kc6 94. Qc8+ Kd5 1/2-1/2

[Event "Czech Youth U16 Boys 2024"]
[Site "Kouty nad Desnou"]
[Date "2024.03.12"]
[Round "5.12"]
[White "Pressler, Tobias"]
[Black "Tegda, Vojtech"]
[Result "1-0"]
[ECO "C44"]
[WhiteElo "1954"]
[BlackElo "1936"]
[Annotator "RC"]
[PlyCount "51"]
[EventDate "2024.03.10"]
[EventType "swiss"]
[EventCountry "CZE"]
[SourceTitle "playchess.com"]
[Source "ChessBase"]
[SourceQuality "1"]
[TimeControl "40/5400+30:1800+30"]

1. e4 e5 2. Nf3 Nc6 3. d4 exd4 4. Nxd4 Nf6 5. Nxc6 bxc6 6. Bd3 d6 7. O-O Be7 8. b3 Ng4 9. Bb2 Bf6 10. c3 Be5 11. h3 Qh4 12. Nd2 Bh2+ 13. Kh1 Bf4 14. Qe2 Nh2 15. Nf3 Nxf3 16. Qxf3 h5 17. e5 g5 18. exd6 Bg4 19. Qxc6+ Kf8 20. Qxa8+ Kg7 21. c4+ f6 22. Bxf6+ Kxf6 23. Qxh8+ Ke6 24. Rfe1+ Kxd6 25. Qd4+ Kc6 26. Be4# 1-0

[Event "Czech Youth U16 Boys 2024"]
[Site "Kouty nad Desnou"]
[Date "2024.03.13"]
[Round "6.1"]
[White "Jasso, Matej"]
[Black "Juracak, David"]
[Result "1-0"]
[ECO "C63"]
[WhiteElo "2060"]
[BlackElo "1944"]
[Annotator "RC"]
[PlyCount "65"]
[EventDate "2024.03.10"]
[EventType "swiss"]
[EventCountry "CZE"]
[SourceTitle "playchess.com"]
[Source "ChessBase"]
[SourceQuality "1"]
[TimeControl "40/5400+30:1800+30"]

1. e4 e5 2. Nf3 Nc6 3. Bb5 f5 4. d3 fxe4 5. dxe4 Nf6 6. O-O Bc5 7. Nc3 O-O 8. Bg5 d6 9. Nd5 Be6 10. Bc4 Qd7 11. Bxf6 gxf6 12. Nh4 Na5 13. Bd3 Nc6 14. Bc4 Na5 15. Ne7+ Qxe7 16. Nf5 Qd7 17. Qg4+ Kf7 18. Qh5+ Kg8 19. Bxe6+ Qxe6 20. Qg4+ Kf7 21. Qg7+ Ke8 22. Qxc7 Rg8 23. Qxa5 a6 24. Rad1 Rc8 25. Qd2 Rc6 26. c3 Qc4 27. Rfe1 a5 28. b3 Qf7 29. b4 axb4 30. cxb4 Bd4 31. b5 Rb6 32. Nxd4 exd4 33. Qxd4 1-0

[Event "Czech Youth U16 Boys 2024"]
[Site "Kouty nad Desnou"]
[Date "2024.03.13"]
[Round "6.2"]
[White "Juhanak, Daniel"]
[Black "Hladky, Tadeas"]
[Result "0-1"]
[ECO "D15"]
[WhiteElo "2005"]
[BlackElo "2056"]
[Annotator "RC"]
[PlyCount "134"]
[EventDate "2024.03.10"]
[EventType "swiss"]
[EventCountry "CZE"]
[SourceTitle "playchess.com"]
[Source "ChessBase"]
[SourceQuality "1"]
[TimeControl "40/5400+30:1800+30"]

1. d4 d5 2. c4 c6 3. Nf3 Nf6 4. Nc3 a6 5. g3 dxc4 6. Bg2 b5 7. O-O Bb7 8. e4 e6 9. e5 Nd5 10. Ne4 h6 11. b3 c3 12. Ne1 Nd7 13. Nd3 Qb6 14. Qg4 b4 15. a3 a5 16. axb4 axb4 17. Rxa8+ Bxa8 18. Nd6+ Bxd6 19. Qxg7 Bf8 20. Qxh8 Qxd4 21. Qh7 Nxe5 22. Nxe5 Qxe5 23. Bxh6 Qh5 24. Ra1 Bb7 25. Bxd5 cxd5 26. Qd3 d4 27. Bf4 Qd5 28. f3 Qxf3 29. Qxf3 Bxf3 30. Kf2 Be4 31. h4 f6 32. Ra6 Kf7 33. h5 e5 34. Bc1 Bh7 35. Ra7+ Kg8 36. Rd7 d3 37. Rd8 Kf7 38. Rd7+ Kg8 39. Rd8 d2 40. Bxd2 cxd2 41. Rxd2 Bc5+ 42. Kf3 Bd4 43. g4 Kg7 44. Ra2 Bg8 45. Ra4 Bd5+ 46. Kg3 Bc3 47. Ra7+ Kh6 48. Ra6 Kg5 49. Ra7 e4 50. Ra5 Be5+ 51. Kf2 Be6 52. Ke3 Bxb3 53. Rb5 Bc2 54. Rxb4 Kxg4 55. h6 Bf4+ 56. Kf2 Bxh6 57. Rb6 Bg5 58. Rb4 Bd3 59. Kg2 f5 60. Kf2 Bh4+ 61. Kg2 f4 62. Kh2 f3 63. Rd4 f2 64. Rxe4+ Kg5 65. Rd4 f1=Q 66. Rg4+ Kf5 67. Rg5+ Bxg5 0-1

[Event "Czech Youth U16 Boys 2024"]
[Site "Kouty nad Desnou"]
[Date "2024.03.13"]
[Round "6.3"]
[White "Prazak, Daniel"]
[Black "Fizer, Marek"]
[Result "1-0"]
[ECO "B51"]
[WhiteElo "2223"]
[BlackElo "2058"]
[Annotator "RC"]
[PlyCount "119"]
[EventDate "2024.03.10"]
[EventType "swiss"]
[EventCountry "CZE"]
[SourceTitle "playchess.com"]
[Source "ChessBase"]
[SourceQuality "1"]
[TimeControl "40/5400+30:1800+30"]

1. e4 c5 2. Nf3 d6 3. Bb5+ Nd7 4. d4 cxd4 5. Qxd4 a6 6. Bxd7+ Bxd7 7. Nc3 Nf6 8. Bg5 Bc6 9. O-O-O Qa5 10. Rhe1 e6 11. Nd5 Nxd5 12. exd5 Bd7 13. Kb1 Rc8 14. Bf4 Qc5 15. dxe6 Bxe6 16. Qa4+ b5 17. Qxa6 Be7 18. Nd4 O-O 19. Qxb5 Qc7 20. Qe2 Bf6 21. Nxe6 fxe6 22. Bc1 Rfe8 23. Rd3 Ra8 24. Rb3 d5 25. g3 Ra4 26. Qb5 Rc8 27. c3 Qa7 28. Rxe6 Rxa2 29. Re8+ Kf7 30. Qb7+ Rc7 31. Qxa7 Rcxa7 32. Re2 Ra1+ 33. Kc2 d4 34. Bd2 Rd7 35. cxd4 Bxd4 36. Rf3+ Bf6 37. Bc3 Kg6 38. Bxf6 gxf6 39. Rd3 Rc7+ 40. Rc3 Rd7 41. Rd2 Re7 42. h4 Re4 43. Rc5 Ra6 44. Kc3 f5 45. Rc4 Re1 46. b3 Kf6 47. Rd5 Rc1+ 48. Kb4 Rb1 49. Rc3 Ke6 50. Rdc5 f4 51. Rc6+ Rxc6 52. Rxc6+ Kd5 53. Rc5+ Ke6 54. Rc4 fxg3 55. fxg3 h5 56. Rc5 Rg1 57. Rg5 Kd6 58. Kb5 Kc7 59. b4 Kb7 60. Rg7+ 1-0

[Event "Czech Youth U16 Boys 2024"]
[Site "Kouty nad Desnou"]
[Date "2024.03.13"]
[Round "6.4"]
[White "Andrle, Filip"]
[Black "Vysinsky, Otakar"]
[Result "1-0"]
[ECO "C55"]
[WhiteElo "1943"]
[BlackElo "1882"]
[Annotator "RC"]
[PlyCount "67"]
[EventDate "2024.03.10"]
[EventType "swiss"]
[EventCountry "CZE"]
[SourceTitle "playchess.com"]
[Source "ChessBase"]
[SourceQuality "1"]
[TimeControl "40/5400+30:1800+30"]

1. e4 e5 2. Nf3 Nc6 3. Bc4 Nf6 4. d3 Be7 5. O-O O-O 6. a4 d6 7. Re1 Be6 8. Nbd2 Nd7 9. c3 Bxc4 10. Nxc4 f5 11. Ne3 fxe4 12. dxe4 Kh8 13. Nd5 Nb6 14. a5 Nxd5 15. exd5 Nb8 16. Nd2 Nd7 17. Ne4 Qe8 18. Qg4 Nf6 19. Nxf6 gxf6 20. Qf5 Rg8 21. Re4 Qf7 22. Rh4 Rg6 23. c4 Rag8 24. g3 Bd8 25. Be3 c6 26. a6 c5 27. Kg2 b5 28. b3 b4 29. Ra2 Qg7 30. Bc1 Rf8 31. Re2 Rg8 32. Ree4 Rf8 33. Rh5 Qc7 34. Qxg6 1-0

[Event "Czech Youth U16 Boys 2024"]
[Site "Kouty nad Desnou"]
[Date "2024.03.13"]
[Round "6.5"]
[White "Ulcak, Michael"]
[Black "Stein, Michael"]
[Result "1/2-1/2"]
[ECO "D32"]
[WhiteElo "1929"]
[BlackElo "1883"]
[Annotator "RC"]
[PlyCount "87"]
[EventDate "2024.03.10"]
[EventType "swiss"]
[EventCountry "CZE"]
[SourceTitle "playchess.com"]
[Source "ChessBase"]
[SourceQuality "1"]
[TimeControl "40/5400+30:1800+30"]

1. d4 d5 2. c4 e6 3. Nc3 c5 4. cxd5 exd5 5. Nf3 Nf6 6. Bg5 cxd4 7. Bxf6 Qxf6 8. Nxd5 Qd8 9. Qxd4 Be6 10. Nc3 Nc6 11. Qxd8+ Rxd8 12. a3 Be7 13. e3 O-O 14. Be2 Bf6 15. Rc1 Na5 16. O-O Bc4 17. b4 Bxe2 18. Nxe2 Nc6 19. Rc2 Rd3 20. Ra2 Rfd8 21. b5 Na5 22. Ned4 Nb3 23. Nxb3 Rxb3 24. a4 Rc8 25. Rd1 Rb4 26. Kf1 Rc7 27. Ke2 Kf8 28. Rd3 Ke8 29. Nd2 Rd7 30. Rxd7 Kxd7 31. Kd3 g6 32. Ne4 Bg7 33. Nc5+ Kc7 34. Rc2 Kb6 35. e4 Rd4+ 36. Ke3 Rd1 37. Nd3 Ra1 38. Rc4 Ra3 39. Ke2 Ra2+ 40. Kf3 Ra3 41. Ke2 Ra2+ 42. Ke3 Ra3 43. g3 Bf6 44. e5 1/2-1/2